← All builds
Front / Armada / Economy first / OBSERVED BUILD

Stout rush

Armada Front build order · Supreme Isthmus

A T1 vehicle assault built around early Stout tanks from the Vehicle Plant starting 4:33, reaching the middle well ahead of the norm and sometimes pushing into the enemy base before settling into the standard later mix.

#rush #raid · 61 distinct matches · 32 players · 2% of Armada Front games · team won 48% of 61 · Recently observed

THE CATCH, AND WHAT COMES WITH IT
  • StoutT1 vehicle assault from 4:33 · 8% of role by thenFrom the Vehicle Plant. Only 8% of Front games have it by then; others who build it get it around 6:15
  • StoutStout in 70%3% of all Front games by then

Where those units first fight, in 58 games with kill data: in the middle 97%.

Those units destroy a typical 1,054 metal of enemy units by 15:00.

Then transitions into blitz (12% of army), janus (11% of army).

HOW TO PLAY IT

Key timing: Stout push by 4:58

  1. Rush an early Vehicle Plant well ahead of role norm.
  2. Finish the Vehicle Plant almost immediately.
  3. Push out early Stout tanks to fight in the middle.
  4. Keep feeding Stout tanks as the main army.
  5. Reclaim the Vehicle Plant and transition toward Bot Lab tech.

Phase by phase

TYPICAL OF ITS 61 GAMES · AGAINST STANDARD FRONT
  1. 1
  2. 2
  3. 3
PLAY THE OPENING

Follow the example game's first 6:00 step by step: what to build now, what comes next, and where it goes. At 1× it keeps pace with your own game.

  1. 1

    Up to the Vehicle Plant

    Economy
    • Metal Extractor2Mex
    Order
    1. Vehicle PlantVehicle Plant after 2 mexdone ~0:42, middle half 0:35–0:48

    Some games also: wind (44%)

    By 0:23 in all: 2 mex

    The example game in this phase · 2 steps
    1. Mex ×3
    2. Vehicle PlantVehicle Plantdone 0:47 · typical 0:42
  2. 2

    Vehicle Plant to T1 vehicle assault

    Economy
    • Metal Extractor4Mex
    • Wind Turbine2Wind
    Order
    1. StoutT1 vehicle assault after 6 mex, 3 wind
    Builders
    • Construction Vehicle2 Con vehicle +2 vs standard
    Army
    • Sentry1 Sentry
    • Rover3 Scout +3 vs standard
    • Janus3 Janus +3 vs standard
    • Blitz2 Blitz +2 vs standard

    The standard build makes here, this one skips: 4 rocketeer

    By 4:13 in all: 6 mex · 3 wind

    The example game in this phase · 10 steps
    1. RoverScout ×3
    2. Wind
    3. Construction VehicleCon vehicle ×2
    4. JanusJanus
    5. Mex
    6. JanusJanus
    7. Construction VehicleCon vehicle
    8. Mex ×2
    9. SentrySentry
    10. StoutStoutdone 2:50
  3. 3

    T1 vehicle assault to 10:00

    Economy
    • Metal Extractor1Mex
    • Wind Turbine10Wind−9 vs standard
    • Energy Storage1Energy storage
    Builders
    • Construction Turret1 Con turret
    Army
    • Sentry1 Sentry
    • Stout11 Stout +11 vs standard

    Some games also: con vehicle (48%) · converter (46%) · Radar Tower (36%) · Beamer (33%) · Dragon's Teeth (31%) · eat Vehicle Plant (34%)

    By 10:00 in all: 7 mex · 18 wind · 1 energy storage · 2 con turret

    The example game in this phase · 212 steps
    1. SentrySentry
    2. Wind
    3. SentrySentry
    4. WhistlerMissile truck
    5. Wind
    6. BeamerBeamer
    7. StoutStout
    8. Wind
    9. StoutStout
    10. Con turret
    11. WhistlerMissile truck
    12. Wind
    13. StoutStout
    14. Wind
    15. Bot LabBot Labdone 4:56
    16. StoutStout
    17. Wind
    18. WhistlerMissile truck
    19. Wind
    20. Sneaky PeteSneaky Pete
    21. Energy storage
    22. StoutStout
    23. SentrySentry ×2
    24. TickTick
    25. SentrySentry
    26. Wind
    27. TickTick ×3
    28. StoutStout
    29. Wind
    30. LazarusLazarus
    31. Wind
    32. WhistlerMissile truck
    33. TickTick
    34. Wind
    35. TickTick ×2
    36. Wind
    37. TickTick
    38. Construction BotCon bot
    39. StoutStout
    40. Wind ×2
    41. TickTick
    42. StoutStout
    43. Wind
    44. TickTick
    45. Dragon's ClawDragon's Claw
    46. TickTick
    47. Wind
    48. TickTick ×2
    49. Wind
    50. WhistlerMissile truck
    51. TickTick ×2
    52. Wind
    53. TickTick
    54. Wind
    55. TickTick
    56. StoutStout
    57. WhistlerMissile truck
    58. RoverScout
    59. TickTick
    60. RoverScout
    61. Wind
    62. BlitzBlitz
    63. TickTick
    64. Con turret
    65. Advanced Metal ExtractorT2 mexdone 8:44 · typical 9:22
    66. BlitzBlitz
    67. Wind
    68. BlitzBlitz
    69. Wind
    70. BlitzBlitz
    71. Wind ×2
    72. BlitzBlitz
    73. Advanced Metal ExtractorT2 mex
    74. Wind
    75. Construction VehicleCon vehicle ×2
    76. Advanced Metal ExtractorT2 mex
    77. SentrySentry
    78. RoverScout ×6
    79. SentrySentry
    80. RoverScout ×3
    81. Dragon's TeethDragon's Teeth
    82. RoverScout
    83. Dragon's TeethDragon's Teeth
    84. RoverScout ×2
    85. Advanced Metal ExtractorT2 mex
    86. Dragon's TeethDragon's Teeth
    87. RoverScout
    88. Pit BullPit Bull
    89. Dragon's TeethDragon's Teeth
    90. RoverScout
    91. Dragon's TeethDragon's Teeth
    92. RoverScout ×2
    93. Dragon's TeethDragon's Teeth
    94. SentrySentry
    95. RoverScout
    96. Dragon's TeethDragon's Teeth
    97. RoverScout
    98. Dragon's TeethDragon's Teeth
    99. RoverScout
    100. Dragon's TeethDragon's Teeth
    101. RoverScout
    102. Dragon's TeethDragon's Teeth
    103. RoverScout
    104. Dragon's TeethDragon's Teeth
    105. RoverScout
    106. Dragon's TeethDragon's Teeth
    107. RoverScout
    108. Dragon's TeethDragon's Teeth
    109. RoverScout
    110. Dragon's TeethDragon's Teeth ×3
    111. RoverScout
    112. Dragon's TeethDragon's Teeth ×2
    113. RoverScout
    114. Dragon's TeethDragon's Teeth ×2
    115. RoverScout
    116. Dragon's TeethDragon's Teeth ×3
    117. Construction VehicleCon vehicle
    118. Dragon's TeethDragon's Teeth ×6
    119. Construction VehicleCon vehicle
    120. Dragon's TeethDragon's Teeth ×6
    121. RoverScout
    122. Dragon's TeethDragon's Teeth ×2
    123. RoverScout
    124. Dragon's TeethDragon's Teeth
    125. RoverScout
    126. Dragon's TeethDragon's Teeth
    127. Con turret
    128. Fortification WallFortification Wall
    129. RoverScout
    130. Dragon's TeethDragon's Teeth ×2
    131. Fortification WallFortification Wall
    132. RoverScout
    133. Dragon's TeethDragon's Teeth ×2
    134. Fortification WallFortification Wall
    135. RoverScout
    136. Dragon's TeethDragon's Teeth ×2
    137. RoverScout
    138. Dragon's TeethDragon's Teeth ×2
    139. Fortification WallFortification Wall
    140. RoverScout
    141. Dragon's TeethDragon's Teeth ×2
    142. RoverScout
    143. Dragon's TeethDragon's Teeth
    144. Fortification WallFortification Wall
    145. Dragon's TeethDragon's Teeth
    146. RoverScout
    147. Dragon's TeethDragon's Teeth
    148. Fortification WallFortification Wall
    149. BeamerBeamer
    150. Dragon's TeethDragon's Teeth
    151. RoverScout
    152. Dragon's TeethDragon's Teeth ×2
    153. RoverScout
    154. Dragon's TeethDragon's Teeth ×2
    155. RoverScout
    156. Dragon's TeethDragon's Teeth
    157. RoverScout
    158. Fortification WallFortification Wall
    159. Dragon's TeethDragon's Teeth
    160. RoverScout
    161. Dragon's TeethDragon's Teeth
    162. BeamerBeamer
    163. Dragon's TeethDragon's Teeth
    164. Dragon's ClawDragon's Claw
    165. RoverScout
    166. Fortification WallFortification Wall
    167. Con turret
    168. Dragon's TeethDragon's Teeth
    169. RoverScout
    170. Fortification WallFortification Wall
    171. Dragon's TeethDragon's Teeth
    172. RoverScout
    173. Dragon's TeethDragon's Teeth
    174. Con turret ×2
    175. RoverScout
    176. VeilVeil
    177. Dragon's TeethDragon's Teeth ×2
    178. RoverScout
    179. Dragon's TeethDragon's Teeth
    180. RoverScout
    181. BeamerBeamer
    182. RoverScout
    183. Dragon's TeethDragon's Teeth
    184. Advanced solar
    185. RoverScout
    186. Dragon's TeethDragon's Teeth
    187. RoverScout
    188. Fortification WallFortification Wall
    189. Advanced solar
    190. RoverScout
    191. Fortification WallFortification Wall
    192. RoverScout
    193. Advanced solar
    194. RoverScout
    195. Fortification WallFortification Wall
    196. Dragon's ClawDragon's Claw
    197. RoverScout ×2
    198. Hovercraft PlatformHovercraft Platformdone 14:34
    199. RoverScout ×4
    200. SeekerSeeker
    201. RoverScout
    202. SeekerSeeker
    203. RoverScout
    204. SeekerSeeker
    205. RoverScout
    206. SeekerSeeker
    207. RoverScout
    208. SeekerSeeker
    209. RoverScout
    210. SeekerSeeker
    211. RoverScout
    212. SeekerSeeker

Counts are medians over the build's games: half of them build more, half fewer. The example game is [DmE]Mr_Inconclusive's (31 OS, 22/09/2026); pick another.

Team trades

IN AT LEAST 30% OF ITS GAMES

You hand over

Nothing regular.

You get

  • Tidal Generator4 Tidal from Pondfirst at 0:18 · in 72% of games
  • Advanced Construction Bot1 T2 con bot from Geo or Techfirst at 7:26 · in 59% of games

How it plays out

Typical game of this build against the role’s standard build, running totals by minute

  • This build
  • Standard front

Metal produced

010k20k30k
0:005:0010:0015:00

metal

Enemy metal destroyed

05k10k
0:005:0010:0015:00

metal

Own metal lost

05k10k
0:005:0010:0015:00

metal

61 games.

Show as table
ByMetal produced: This buildMetal produced: Standard frontEnemy metal destroyed: This buildEnemy metal destroyed: Standard frontOwn metal lost: This buildOwn metal lost: Standard front
1:003323330000
2:0081284042213131
3:0016281619137134124108
4:0027222700453522319333
5:00382838478761127705787
6:00501450351500193311911427
7:00624562532203272221682302
8:00751275352743354528633173
9:00877089733361432937794069
10:0010455105353871500945444807
11:0012054123724829553655975546
12:0014466145275096598859856402
13:0016664168575553646962936999
14:0019259192205799719171477826
15:0022128218546187786987788687
WHAT THE NUMBERS SAY

Won much less often than the standard build and destroyed less enemy metal despite similar losses, a losing rush.

  • + Metal production stays basically level with standard through 15:00.
  • − Team win rate falls sharply (31% vs 62% standard).
  • − Enemy metal destroyed trails standard at both 10:00 and 15:00.
THE EXAMPLE YOU ARE READING

[DmE]Mr_Inconclusive

30.6 OS · 22/09/2026

Open source match ↗

5 received units · includes a constructor
600 metal received · 68241 energy received

Allied construction assistance is unknown. Timings are observations, not a promise of solo reproducibility.

Typical milestones

Vehicle Plant0:42Middle 50%: 0:35–0:48 · n=61
Advanced Metal Extractor9:22Middle 50%: 8:18–10:21 · n=51

Played most by

TheGeneraI13games of this buildVaticineur9games of this buildImmort6games of this buildRosie3games of this buildCall_Me_Sir2games of this build